 Dungeon Crawl Stone Soup version 0.23.2-40-g277498a001 (webtiles) character file.

Game seed: 4886245752802466389

1327 Exodus22XD the Thaumaturge (level 8, -4/41 HPs)
             Began as a Deep Elf Wizard on Sept 20, 2019.
             Was a Follower of Vehumet.
             Slain by a bullfrog (9 damage)
             ... on level 6 of the Dungeon.
             The game lasted 00:14:18 (4608 turns).

Exodus22XD the Thaumaturge (Deep Elf Wizard)        Turns: 4608, Time: 00:14:19

Health: -4/41      AC:  8    Str:  4    XL:     8   Next: 34%
Magic:  8/25       EV: 13    Int: 26    God:    Vehumet [*.....]
Gold:   173        SH:  0    Dex: 13    Spells: 19/30 levels left

rFire    . . .     SeeInvis .   n - +1 falchion (holy)
rCold    . . .     Gourm    .   (no shield)
rNeg     . . .     Faith    .   a - +0 robe
rPois    .         Spirit   .   w - +2 helmet
rElec    .         Reflect  .   b - +0 cloak
rCorr    .         Harm     .   s - +0 pair of gloves (curse)
MR       .....                  x - +0 pair of boots
Stlth    ++........             o - amulet of magic regeneration
HPRegen  0.13/turn              (no ring)
MPRegen  0.44/turn              (no ring)

@: very slightly contaminated, invisible (expiring)
A: no striking features
a: Renounce Religion


You were on level 6 of the Dungeon.
You worshipped Vehumet.
Vehumet was aware of your devotion.
You were not hungry.

You visited 2 branches of the dungeon, and saw 7 of its levels.

You collected 173 gold pieces.

Inventory:

Hand Weapons
 n - a +1 falchion of holy wrath (weapon)
Armour
 a - a +0 robe (worn)
 b - a +0 cloak (worn)
 s - a cursed +0 pair of gloves (worn)
 w - a +2 helmet (worn)
 x - a +0 pair of boots (worn)
Jewellery
 o - an amulet of magic regeneration (around neck)
 p - an uncursed amulet of faith {unknown}
Wands
 r - a wand of flame (48)
Scrolls
 c - 3 scrolls of remove curse
 g - 6 scrolls of teleportation
 h - 3 scrolls of amnesia
 k - 3 scrolls of magic mapping
 l - a scroll of fear
 v - a scroll of enchant weapon
Potions
 e - 2 potions of mutation {unknown}
 f - a potion of might
 m - 2 potions of curing {unknown}
 q - a potion of lignification {unknown}
 t - a potion of invisibility
 u - a potion of agility {unknown}
Comestibles
 d - 10 rations
 j - 2 chunks of flesh


   Skills:
 - Level 0.2(0.3) Long Blades
 - Level 2.4 Dodging
 - Level 2.4 Stealth
 - Level 11.6 Spellcasting
 * Level 6.0 Conjurations
 - Level 1.5 Summonings
 - Level 1.1 Translocations


You had 19 spell levels left.
You knew the following spells:

 Your Spells              Type           Power        Failure   Level  Hunger
a - Magic Dart            Conj           ####         1%          1    None
b - Call Imp              Summ           ###.....     3%          2    None
c - Blink                 Tloc           N/A          3%          2    None
d - Conjure Flame         Conj/Fire      ####....     3%          3    None
e - Mephitic Cloud        Conj/Pois/Air  ####....     4%          3    None

Your spell library contained the following spells:

 Spells                   Type           Power        Failure   Level  Hunger
 Shock                    Conj/Air       ####         1%          1    None
 Confusing Touch          Hex            ###...       4%          1    None
 Slow                     Hex            ###.....     6%          2    None
 Gell's Gravitas          Tloc           ###.......   8%          3    None
 Confuse                  Hex            ###.....     12%         3    None
 Petrify                  Tmut/Erth      ###.....     36%         4    None
 Metabolic Englaciation   Hex/Ice        ###.......   73%         5    ###....
 Yara's Violent Unravell  Hex/Tmut       ###.......   73%         5    ###....


Dungeon Overview and Level Annotations

Branches:
Dungeon (6/15)             Temple (1/1) D:4

Altars:
Ashenzari
Cheibriados
Dithmenos
Elyvilon
Fedhas
Gozag
Hepliaklqana
Kikubaaqudgha
Makhleb
Nemelex Xobeh
Qazlal
Ru
Sif Muna
Trog
Uskayaw
Vehumet
Wu Jian
Xom
Yredelemnul

Annotations:
D:3 2 transporters
D:6 2 transporters, Ryzelo's ghost, novice TeAE


Message History

The gnoll shaman calls down the wrath of its god upon the bullfrog.
The bullfrog resists with some effort.
Okay, then.
Evoke which item? (* to show all) (? for menu, Esc to quit)
Aiming: Throw Flame
Press: ? - help, Shift-Dir - straight line, f - shadow imp
Aim: a shadow imp The puff of flame hits the shadow imp!
The shadow imp is severely wounded.
The bullfrog croaks.
Found a robe.
The bullfrog barely misses you.
You riposte.
You closely miss the bullfrog.
The bullfrog is moderately wounded.
Found 5 gold pieces.
You flicker for a moment.
The bullfrog barely misses you.
You riposte.
You hit the bullfrog.
The bullfrog is moderately wounded.
Found a leather armour.
The bullfrog hits you!
You die...

###..#.# .##....# ...
..## .....###
##........##
......#####.....$....##
....(.##.##........... .
....#........#......##..
....#...)..............#
.......##.>....##....[#
...........#..5F@...#
.........###..o##....#
.#.(............#.......
.##.........g......#...#
.##........##.##........
.#ยง).#....###.#
#....... .##..#.#.)# ...
...## . .###)###... ....
...# .....# #........[
...


You could see a bullfrog, a gnoll shaman, a shadow imp and an orc.

Vanquished Creatures
  Prince Ribbit (D:5)
  Duvessa (D:6)
  A phantom (D:5)
  2 ogres
  A centaur (D:5)
  Dowan (D:6)
  A scorpion (D:5)
  A howler monkey (D:4)
  2 orc priests
  Crazy Yiuf (D:4)
  Jessica (D:2)
  Ijyb (D:3)
  3 orc wizards
  2 worker ants
  Robin (D:4)
  10 gnolls
  7 adders
  A shadow imp (D:6)
  2 oozes
  An adder zombie (D:5)
  2 worms (D:2)
  3 leopard geckos
  18 orcs
  4 giant cockroaches
  12 goblins
  13 hobgoblins
  11 bats
  8 frilled lizards
  A jackal zombie (D:3)
  9 kobolds
  9 rats
131 creatures vanquished.

Notes
Turn   | Place    | Note
-------+----------+-------------------------------------------
     0 | D:1      | Exodus22XD the Deep Elf Wizard began the quest for the Orb.
     0 | D:1      | Reached XP level 1. HP: 10/10 MP: 7/7
   247 | D:1      | Reached XP level 2. HP: 15/15 MP: 2/9
   920 | D:2      | Reached XP level 3. HP: 19/19 MP: 1/10
  1299 | D:2      | Noticed Jessica
  1303 | D:2      | Killed Jessica
  1303 | D:2      | Reached XP level 4. HP: 24/24 MP: 7/12
  1307 | D:2      | Learned a level 2 spell: Call Imp
  1310 | D:2      | Learned a level 2 spell: Blink
  1314 | D:2      | Learned a level 3 spell: Conjure Flame
  1318 | D:2      | Learned a level 3 spell: Mephitic Cloud
  1915 | D:3      | Reached skill level 5 in Spellcasting
  1949 | D:3      | Found a transporter.
  1994 | D:3      | Found a transporter.
  2070 | D:3      | Reached XP level 5. HP: 28/28 MP: 1/14
  2218 | D:3      | Noticed Ijyb
  2228 | D:3      | Killed Ijyb
  2293 | D:3      | Reached skill level 6 in Spellcasting
  2623 | D:4      | Found a runed translucent door.
  2672 | D:4      | Noticed Crazy Yiuf
  2695 | D:4      | Killed Crazy Yiuf
  2934 | D:4      | Found a staircase to the Ecumenical Temple.
  2943 | Temple   | Entered the Ecumenical Temple
  3102 | Temple   | Became a worshipper of Vehumet
  3164 | D:4      | Reached XP level 6. HP: 32/32 MP: 11/17
  3169 | D:4      | Reached skill level 7 in Spellcasting
  3468 | D:4      | Noticed Robin
  3479 | D:4      | Killed Robin
  3479 | D:4      | Reached skill level 8 in Spellcasting
  3634 | D:4      | Found a white marble altar of Elyvilon.
  3660 | D:4      | Reached * piety under Vehumet
  3660 | D:4      | Offered knowledge of Shock by Vehumet.
  3729 | D:5      | Entered Level 5 of the Dungeon
  3849 | D:5      | Reached XP level 7. HP: 36/36 MP: 18/21
  3854 | D:5      | Reached skill level 9 in Spellcasting
  4026 | D:5      | Noticed Prince Ribbit
  4034 | D:5      | Killed Prince Ribbit
  4034 | D:5      | Reached skill level 10 in Spellcasting
  4237 | D:5      | Reached skill level 11 in Spellcasting
  4421 | D:5      | Reached XP level 8. HP: 41/41 MP: 16/25
  4495 | D:6      | Noticed a queen bee
  4506 | D:6      | Found a transporter.
  4508 | D:6      | Found a transporter.
  4508 | D:6      | Noticed Ryzelo's ghost (novice TeAE)
  4552 | D:6      | Noticed Duvessa
  4585 | D:6      | Noticed Dowan
  4587 | D:6      | Killed Duvessa
  4587 | D:6      | Reached skill level 5 in Conjurations
  4601 | D:6      | Killed Dowan
  4608 | D:6      | Slain by a bullfrog

Skill      XL: |  1  2  3  4  5  6  7  8 |
---------------+-------------------------+-----
Conjurations   | 2 3 4 6 |  6.0
Spellcasting   | 5 6 8 11 | 11.6
Long Blades    | |  0.2
Dodging        | |  2.4
Stealth        | |  2.4
Summonings     | |  1.5
Translocations | |  1.1

Action                   |  1- 3 |  4- 6 |  7- 9 || total
-------------------------+-------+-------+-------++-------
Melee: Short sword       |     1 |       |       ||     1
       Falchion          |       |     8 |     4 ||    12
 Cast: Magic Dart        |    78 |   172 |    73 ||   323
       Mephitic Cloud    |       |     4 |     9 ||    13
       Conjure Flame     |       |     3 |     6 ||     9
       Call Imp          |       |     1 |       ||     1
       Blink             |       |       |     3 ||     3
Evoke: Wand              |       |       |     4 ||     4
  Use: Scroll            |       |     7 |     3 ||    10
       Potion            |       |       |     1 ||     1
  Eat: Chunk             |     1 |     8 |     2 ||    11
Armor: Robe              |     1 |     7 |     5 ||    13
Dodge: Dodged            |    11 |    29 |    14 ||    54
       Rpst.: Falchion   |       |     9 |     6 ||    15
